Map: Jagannatha LE

Players

PureLegacy

  • Race: Terran Terran
  • League: Grandmaster

DisK - Winner!

  • Race: Protoss Protoss

Event: DreamHack SC2 Masters 2021 Summer

VOD

Have the link to the VOD?

Description

Time

  • Played on: May 25, 2021, 3:37 p.m.
  • Length: 13:25

All games in this series

Show
View Real Time Build Order
Export as new Build Order

PureLegacy Terran 

Build Orders: Hellion Opening, Reaper Expand 

Get SALT Encoding   

  12  0:01  SCV  
  13  0:13  SCV  
  14  0:17  Supply Depot  
  14  0:25  SCV  
  15  0:38  SCV  
  15  0:40  Barracks  
  16  0:44  Refinery  
  16  0:50  SCV  
  17  1:02  SCV  
  18  1:14  SCV  
  19  1:27  Orbital Command  
  19  1:28  Reaper  
  20  1:44  Command Center  
  20  1:49  Supply Depot  
  20  1:53  SCV  
  21  1:59  Marine  
  22  2:05  SCV  
  23  2:09  Factory  
  23  2:17  Bunker  
  23  2:18  SCV  
  23  2:22  Barracks Reactor  
  24  2:30  SCV  
  24  2:32  Refinery  
  25  2:42  SCV  
  26  2:54  SCV  
  26  2:57  Orbital Command  
  27  3:00  Starport  
  27  3:04  Hellion x2  
  31  3:08  SCV, Barracks Tech Lab  
  32  3:20  SCV  
  32  3:23  SCV  
  32  3:26  Hellion x2  
  38  3:28  Reaper  
  39  3:36  SCV  
  41  3:41  Medivac  
  41  3:42  Supply Depot  
  41  3:47  Hellion x2  
  46  3:57  SCV x2  
  46  4:09  SCV x2  
  46  4:10  Supply Depot  
  45  4:20  Starport Tech Lab  
  45  4:22  SCV x2  
  50  4:24  Siege Tank  
  50  4:25  Barracks  
  50  4:26  Barracks  
  50  4:27  Marine x2  
  50  4:29  Bunker  
  52  4:33  Supply Depot  
  52  4:34  SCV x2  
  54  4:41  Raven  
  56  4:46  SCV x2  
  56  4:47  Marine x2  
  60  4:58  SCV x2  
  62  5:05  Marine x2  
  62  5:06  Siege Tank  
  63  5:10  SCV, Supply Depot  
  63  5:11  SCV  
  63  5:12  Engineering Bay  
  63  5:13  Refinery  
  60  5:14  Barracks  
  60  5:15  Barracks  
  58  5:22  SCV  
  58  5:23  Bunker  
  58  5:24  Marine x2  
  61  5:28  Marine, Stimpack  
  61  5:29  Marine  
  61  5:30  SCV  
  61  5:34  SCV  
  61  5:35  Refinery, Supply Depot  
  65  5:42  Marine x2  
  67  5:43  Viking  
  67  5:48  Marine  
  69  5:53  SCV  
  69  5:55  Marine, Siege Tank  
  71  6:00  Marine x2  
  66  6:09  Marine x2  
  66  6:10  Marine  
  65  6:18  Starport Reactor, Marine  
  64  6:19  Marauder, Marine  
  64  6:21  SCV  
  64  6:22  Terran Infantry Weapons Level 1, Supply Depot  
  69  6:27  Marine  
  70  6:33  Marine  
  70  6:35  SCV  
  72  6:42  Marine x2  
  72  6:43  Marauder x2  
  74  6:48  Concussive Shells  
  74  6:49  SCV x2  
  74  6:50  Supply Depot  
  76  6:55  Marine x2  
  78  7:01  Marine x2  
  78  7:04  Marauder  
  78  7:06  Supply Depot x2  
  78  7:08  Marauder  
  84  7:09  Medivac x2  
  84  7:14  Supply Depot  
  88  7:18  Barracks Reactor, Barracks Tech Lab  
  88  7:21  Marine x2  
  90  7:26  Marauder  
  88  7:34  Marauder  
  85  7:39  Marine x2, Command Center  
  85  7:41  Marine  
  85  7:44  Supply Depot  
  88  7:47  Marine, Medivac x2  
  92  7:53  Combat Shield  
  92  7:54  Marine  
  92  7:55  Marine x2  
  94  8:06  Marauder  
  94  8:08  Marauder, Marine  
  94  8:09  Marine  
  94  8:10  Supply Depot  
  99  8:14  Marauder  
  99  8:17  Terran Infantry Armor Level 1  
  88  8:27  Missile Turret  
  88  8:32  Marauder x2  
  88  8:33  SCV x2  
  81  8:49  Marauder  
  81  8:51  Orbital Command  
  81  9:01  Marine x2  
  75  9:24  Marauder, Marine x3  
  74  9:26  Missile Turret  
  74  9:30  Marauder  
  74  9:31  Marine x2  
  78  9:37  SCV  
  78  9:38  SCV  
  81  9:50  Marine x3, Missile Turret  
  78  10:09  Marauder  
  78  10:17  SCV x3  
  75  10:28  Marine x2  
  75  10:35  Marine  
  71  10:38  Marine  
  71  10:40  Marauder  
  64  10:44  Medivac  
  64  10:45  Marine  
  64  10:49  Marauder, Marine  
  67  10:52  Marine  
  67  11:04  Marine x2  
  67  11:05  Marine  
  67  11:12  Marauder, Marine  
  67  11:16  Marine  
  71  11:20  Marauder  
  73  11:27  Medivac  
  75  11:36  SCV  
  76  11:46  Marauder, Marine  
  70  11:49  Marauder, Marine  
  70  11:50  Marine  
  70  11:51  Marine  
  70  11:52  Marine  
  72  12:03  SCV x2, Marine  
  72  12:06  Marine  
  72  12:07  SCV, Marine  
  78  12:12  Marine  
  79  12:16  Marine  
  79  12:17  Marine x2  
  79  12:18  SCV  
  79  12:19  SCV x2  
  79  12:21  Marine  
  86  12:24  Marine  
  86  12:25  Marauder  
  89  12:30  Marine  
  89  12:34  Marine  
  89  12:35  Marauder, Marine  
  94  12:39  SCV x3, Marine  
  94  12:42  Marine  
  99  12:45  Medivac  
  99  12:46  Marine  
  99  12:48  Marine  
  103  12:52  Marine  
  103  12:53  Marauder  
Show
View Real Time Build Order
Export as new Build Order

DisK Protoss - Winner!

Build Orders: 1 Gate Expand, Blink Stalkers 

Get SALT Encoding   

  12  0:00  Probe  
  13  0:12  Probe  
  14  0:17  Pylon  
  14  0:24  Probe  
  15  0:37  Probe (Chrono Boost), Gateway  
  16  0:46  Probe (Chrono Boost), Assimilator  
  17  0:51  Probe  
  18  1:03  Probe  
  19  1:16  Probe  
  20  1:23  Cybernetics Core  
  20  1:33  Nexus  
  20  1:36  Probe  
  21  1:44  Pylon  
  21  1:48  Probe  
  21  1:51  Assimilator  
  22  1:59  Adept (Chrono Boost)  
  22  2:00  Warp Gate  
  22  2:04  Probe  
  25  2:16  Probe  
  25  2:19  Stalker (Chrono Boost)  
  28  2:28  Probe  
  29  2:34  Twilight Council  
  29  2:43  Probe (Chrono Boost)  
  30  2:47  Probe (Chrono Boost)  
  31  2:55  Robotics Facility  
  31  2:56  Probe (Chrono Boost)  
  31  2:57  Probe (Chrono Boost)  
  33  3:00  Stalker  
  33  3:02  Probe  
  33  3:05  Probe  
  37  3:12  Gateway  
  37  3:14  Probe  
  37  3:17  Probe  
  39  3:24  Blink (Chrono Boost)  
  39  3:27  Probe  
  39  3:31  Gateway  
  40  3:37  Probe  
  40  3:40  Shield Battery  
  41  3:42  Probe  
  41  3:44  Observer  
  43  3:49  Gateway  
  43  3:52  Pylon  
  41  4:03  Stalker  
  42  4:11  Warp Prism (Chrono Boost)  
  42  4:13  Stalker  
  42  4:15  Probe x2  
  47  4:17  Pylon  
  47  4:19  Assimilator  
  47  4:25  Stalker  
  47  4:27  Probe  
  47  4:29  Stalker  
  53  4:31  Probe  
  53  4:40  Stalker  
  53  4:43  Stalker  
  57  4:52  Stalker  
  51  5:11  Stalker x2  
  55  5:16  Probe x2  
  57  5:33  Stalker x2  
  61  5:38  Pylon  
  61  5:56  Stalker x3  
  59  6:07  Observer  
  53  6:16  Probe x2 (Chrono Boost)  
  49  6:19  Stalker x2  
  49  6:21  Zealot, Stalker  
  57  6:28  Probe x2 (Chrono Boost)  
  59  6:36  Probe x2 (Chrono Boost)  
  61  6:46  Dark Shrine  
  61  6:49  Nexus  
  61  6:51  Pylon  
  62  6:55  Probe (Chrono Boost)  
  62  6:56  Probe (Chrono Boost)  
  62  7:00  Stalker  
  62  7:01  Assimilator, Stalker  
  66  7:06  Stalker  
  66  7:07  Probe x2 (Chrono Boost)  
  70  7:10  Stalker  
  70  7:15  Probe  
  73  7:16  Probe  
  73  7:18  Pylon  
  74  7:34  Probe x2  
  74  7:45  Gateway  
  74  7:46  Gateway, Shield Battery  
  74  7:47  Charge (Chrono Boost)  
  74  7:51  Probe x2  
  76  7:58  Dark Templar  
  76  7:59  Dark Templar x2  
  80  8:08  Probe x3  
  80  8:09  Shield Battery  
  81  8:20  Probe  
  78  8:31  Dark Templar x2  
  78  8:33  Probe x2  
  84  8:38  Dark Templar  
  84  8:39  Probe  
  85  8:42  Immortal  
  85  8:51  Zealot x3  
  85  8:55  Gateway  
  95  8:56  Gateway  
  95  8:59  Probe  
  96  9:05  Probe x2  
  98  9:11  Probe  
  98  9:15  Zealot  
  101  9:18  Pylon  
  101  9:19  Pylon x2  
  101  9:21  Probe x2  
  101  9:23  Probe  
  98  9:27  Dark Templar  
  100  9:33  Probe  
  100  9:34  Pylon  
  100  9:36  Probe  
  102  9:38  Zealot  
  102  9:39  Pylon, Zealot x4  
  110  9:47  Probe  
  110  9:50  Assimilator  
  110  9:51  Assimilator  
  110  9:52  Pylon  
  111  9:59  Dark Templar x2  
  115  10:01  Zealot x3  
  115  10:06  Forge  
  117  10:20  Zealot x3  
  121  10:27  Dark Templar  
  117  10:29  Zealot x3  
  117  10:34  Protoss Ground Weapons Level 1 (Chrono Boost)  
  95  10:46  Immortal (Chrono Boost)  
  95  10:47  Pylon, Dark Templar x2  
  95  10:48  Pylon  
  97  10:53  Zealot x4  
  103  11:11  Sentry x2  
  103  11:16  Zealot x3  
  103  11:17  Zealot  
  115  11:21  Zealot x2  
  115  11:22  Immortal (Chrono Boost)  
  123  11:33  Templar Archives  
  123  11:38  Zealot x5  
  126  11:48  Psionic Storm, Zealot  
  126  11:49  Zealot  
  124  11:58  Shield Battery x2  
  124  12:01  Pylon  
  124  12:07  Immortal, Stalker x3  
  124  12:08  Zealot x2  
  136  12:19  Photon Cannon  
  136  12:23  Shield Battery  
  136  12:24  High Templar x2  
  136  12:27  Pylon  
  136  12:28  Gateway  
  140  12:30  Gateway  
  140  12:36  Dark Templar  
  142  12:39  High Templar x4  
  150  12:47  Pylon  
  150  12:48  Observer, Robotics Bay  
  151  13:03  Zealot x2  
  148  13:13  Zealot x5  
  148  13:19  Archon x2  
Tags
 
Add a new tag
Caveats
  • Supply blocks, unpowered buildings, or Contaminate may cause inaccurate times.
  • Supply counts are checked every 10 seconds.